 Dungeon Crawl Stone Soup version 0.23.2 (webtiles) character file.

Game seed: 2817069248397199751

3112 Borgoz the Ducker (level 9, -2/74 HPs)
             Began as a Ghoul Gladiator on Apr 4, 2019.
             Was an Initiate of Ashenzari.
             Splashed by Maurice's acid (18 damage)
             ... on level 8 of the Dungeon.
             The game lasted 00:13:51 (7539 turns).

Borgoz the Ducker (Ghoul Gladiator)                 Turns: 7539, Time: 00:13:51

Health: -2/74      AC:  0    Str: 18    XL:     9   Next: 91%
Magic:  9/9        EV: 23    Int:  5    God:    Ashenzari [......]
Gold:   378        SH:  3    Dex: 16    Spells: 6/10 levels left

rFire    + . .     SeeInvis .   A - +2 dagger (venom)
rCold    + + .     Gourm    .   (no shield)
rNeg     + + +     Faith    .   b - +0 leather armour
rPois    ∞         Spirit   .   c - +0 helmet
rElec    .         Reflect  +   I - scarf {rC+ rF+}
rCorr    .         Harm     .   (no gloves)
MR       +....                  K - +1 pair of boots {Fly}
Stlth    ++++......             o - +3 amulet of reflection
HPRegen  0.00/turn              l - +2 ring of evasion
MPRegen  0.11/turn              m - ring of protection from magic

@: agile, corroded, flying, rotting
A: rotting body, claws 1, carnivore, cold resistance 1, negative energy
resistance 3, inhibited regeneration, torment resistance, unbreathing
a: Curse Item, Renounce Religion, Stop Flying


You were on level 8 of the Dungeon.
You worshipped Ashenzari.
Ashenzari was noncommittal.
You were not hungry.

You visited 2 branches of the dungeon, and saw 9 of its levels.
You also visited: Ossuary.

You collected 378 gold pieces.

Inventory:

Hand Weapons
 a - a +0 rapier
 w - a +0 dagger of draining
 A - a +2 dagger of venom (weapon)
 C - a +3 quarterstaff of chaos
Missiles
 G - 6 tomahawks
 H - a throwing net (quivered)
Armour
 b - a +0 leather armour (worn)
 c - a +0 helmet (worn)
 I - a scarf of resistance (worn)
 K - a +1 pair of boots of flying (worn)
Jewellery
 l - a +2 ring of evasion (left claw)
 m - a ring of protection from magic (right claw)
 o - a +3 amulet of reflection (around neck)
 q - an uncursed ring of protection from cold
Wands
 k - a wand of random effects (15)
 p - a wand of flame (26)
 y - a wand of digging (6)
 D - a wand of disintegration (15)
Scrolls
 d - 2 scrolls of enchant weapon {unknown}
 e - a scroll of teleportation
 g - 2 scrolls of identify
 j - 3 scrolls of fear
 n - a scroll of random uselessness {unknown}
 s - 2 scrolls of remove curse
 u - a scroll of noise {unknown}
 v - 2 scrolls of blinking {unknown}
 z - a scroll of amnesia {unknown}
 B - a scroll of enchant armour {unknown}
 E - a scroll of magic mapping {unknown}
 F - a scroll of fog {unknown}
 M - a scroll of immolation {unknown}
 O - a scroll of silence {unknown}
Potions
 h - 3 potions of flight
 r - 3 potions of brilliance
 x - 4 potions of haste
 L - 2 potions of heal wounds
 N - a potion of berserk rage {unknown}
Comestibles
 f - 12 rations


   Skills:
 + Level 5.4 Fighting
 * Level 6.6 Short Blades
 - Level 1.7 Throwing
 * Level 5.9 Armour
 * Level 6.7 Dodging
 + Level 5.2 Stealth
 + Level 1.2 Spellcasting
 + Level 1.2 Hexes


You had 6 spell levels left.
You knew the following spells:

 Your Spells              Type           Power        Failure   Level  Hunger
a - Confusing Touch       Hex            #.....       32%         1    ##.....
b - Confuse               Hex            #.......     69%         3    ####...

Your spell library contained the following spells:

 Spells                   Type           Power        Failure   Level  Hunger
 Magic Dart               Conj           #...         50%         1    ##.....
 Searing Ray              Conj           #.....       63%         2    ###....
 Dazzling Spray           Conj/Hex       #.....       77%         3    ####...
 Gell's Gravitas          Tloc           #.........   86%         3    ####...
 Force Lance              Conj/Tloc      #.......     99%         4    #####..
 Fulminant Prism          Conj/Hex       #.........   99%         4    #####..
 Iskenderun's Mystic Bla  Conj           #.......     99%         4    #####..
 Petrify                  Tmut/Erth      #.......     99%         4    #####..
 Metabolic Englaciation   Hex/Ice        #.........   100%        5    ######.
 Yara's Violent Unravell  Hex/Tmut       #.........   100%        5    ######.


Dungeon Overview and Level Annotations

Branches:
Dungeon (8/15)             Temple (1/1) D:6
   Lair: D:8-11

Altars:
Ashenzari
Cheibriados
Dithmenos
Elyvilon
Fedhas
Gozag
Hepliaklqana
Kikubaaqudgha
Makhleb
Nemelex Xobeh
Okawaru
Qazlal
Ru
Sif Muna
Trog
Uskayaw
Vehumet
Wu Jian
Xom
Yredelemnul
Zin
The Shining One

Shops:
D:4 =

Annotations:
D:5 2 runed translucent doors, Borgoz's ghost, novice GrGl
D:6 1 runed translucent door, shugdite's ghost, novice MiFi
D:8 Maurice


Innate Abilities, Weirdness & Mutations

Your body is rotting away.
You thrive on raw meat.
You are immune to poison.
You have sharp fingernails.
You are carnivorous and can eat meat at any time.
Your flesh is cold resistant. (rC+)
You are immune to negative energy. (rN+++)
You do not regenerate when monsters are visible.
You are immune to unholy pain and torment.
You can survive without breathing.


Message History

A bolt of acid appears from out of thin air!
The bolt of acid hits you! The acid corrodes you!
You are splashed with acid!
* * * LOW HITPOINT WARNING * * *
You hit something but do no damage. Something misses you.
You miss something.
You feel better.
You hear a zap.
A bolt of acid appears from out of thin air!
The bolt of acid hits you.
* * * LOW HITPOINT WARNING * * *
You are splashed with acid!
* * * LOW HITPOINT WARNING * * *
It was a potion of heal wounds.
You feel much better. Something closely misses you.
You hear a zap.
A bolt of acid appears from out of thin air!
The bolt of acid hits you!
* * * LOW HITPOINT WARNING * * *
The acid corrodes you!
You are splashed with acid!!
You die...

###...P.# .....%...
.....%..# ........+
........+ ......%.##
.......{.# ......P.##
.../.%.@.#
........######
.............#
.............######
...................
.............#####
..........##.#########
..........##.........###
.....................+..


There were no monsters in sight!

Vanquished Creatures
  Pikel (D:8)
  A sky beast (D:7)
  A phantom (D:5)
  A black bear (D:6)
  2 ice beasts
  2 ogres
  A necrophage (D:7)
  3 centaurs (D:5)
  A big kobold (D:8)
  4 bullfrogs
  3 water moccasin zombies (Ossuary)
  5 scorpions
  3 killer bees (D:7)
  2 howler monkeys
  2 crimson imps
  An orc priest (D:3)
  Crazy Yiuf (D:3)
  A bullfrog skeleton (D:6)
  2 gnoll shamans
  A hound (D:6)
  An iguana (D:5)
  4 orc wizards
  3 worker ants
  A big kobold zombie (Ossuary)
  2 mummies (Ossuary)
  A worker ant zombie (D:7)
  9 gnolls
  9 adders
  3 oozes
  6 adder zombies (Ossuary)
  An adder skeleton (D:5)
  3 worms
  2 dart slugs
  5 leopard geckos
  19 orcs
  3 giant cockroaches
  3 gnoll zombies (Ossuary)
  7 goblins
  7 hobgoblins
  5 jackals
  3 quokkas
  7 bats
  A frilled lizard (D:1)
  2 hobgoblin zombies (Ossuary)
  14 kobolds
  7 kobold zombies (Ossuary)
  7 orc zombies (Ossuary)
  A quokka zombie (D:2)
  6 rats
180 creatures vanquished.

Vanquished Creatures (others)
  2 slaves (D:8)
  2 kobolds (D:8)
4 creatures vanquished.

Grand Total: 184 creatures vanquished

Notes
Turn   | Place    | Note
-------+----------+-------------------------------------------
     0 | D:1      | Borgoz the Ghoul Gladiator began the quest for the Orb.
     0 | D:1      | Reached XP level 1. HP: 17/17 MP: 0/0
   239 | D:1      | Reached XP level 2. HP: 23/24 MP: 1/1
   303 | D:1      | Reached skill level 1 in Armour
   303 | D:1      | Reached XP level 3. HP: 12/30 MP: 2/2
   436 | D:1      | Reached skill level 1 in Stealth
   688 | D:2      | Reached XP level 4. HP: 18/37 MP: 3/3
  1316 | D:2      | Reached XP level 5. HP: 18/44 MP: 4/4
  2078 | D:3      | Reached XP level 6. HP: 41/51 MP: 5/5
  2232 | D:3      | Found a runed translucent door.
  2233 | D:3      | Noticed Crazy Yiuf
  2513 | D:3      | Killed Crazy Yiuf
  2752 | D:4      | You fall through a shaft!
  2752 | D:5      | Entered Level 5 of the Dungeon
  2768 | D:5      | Reached XP level 7. HP: 55/57 MP: 6/6
  3512 | D:5      | Reached XP level 8. HP: 45/66 MP: 7/7
  3559 | D:5      | Reached skill level 5 in Dodging
  3658 | D:4      | Found Obbibumu's Jewellery Shop.
  3885 | D:4      | Reached skill level 5 in Short Blades
  3966 | D:4      | Found a shadowy altar of Dithmenos.
  4297 | D:5      | Found a runed translucent door.
  4297 | D:5      | Noticed Borgoz's ghost (novice GrGl)
  4562 | D:5      | Found a runed translucent door.
  5054 | D:6      | Found a staircase to the Ecumenical Temple.
  5116 | Temple   | Entered the Ecumenical Temple
  5134 | Temple   | Became a worshipper of Ashenzari the Shackled
  5523 | D:6      | Found a runed translucent door.
  5538 | D:6      | Reached XP level 9. HP: 58/73 MP: 8/8
  5566 | D:6      | Noticed shugdite's ghost (novice MiFi)
  5684 | D:6      | Reached skill level 5 in Armour
  5895 | D:7      | Found a sand-covered staircase.
  6004 | Ossuary  | Entered an ossuary
  6260 | Ossuary  | Reached skill level 5 in Fighting
  6596 | Ossuary  | Learned a level 1 spell: Confusing Touch
  6603 | Ossuary  | Learned a level 3 spell: Confuse
  7014 | D:8      | Noticed Pikel
  7045 | D:8      | Killed Pikel
  7045 | D:8      | Reached skill level 5 in Stealth
  7045 | D:8      | Reached skill level 1 in Spellcasting
  7045 | D:8      | Reached skill level 1 in Hexes
  7513 | D:8      | Noticed Maurice
  7539 | D:8      | Splashed by Maurice's acid

Skill      XL: |  1  2  3  4  5  6  7  8  9 |
---------------+----------------------------+-----
Dodging        | 3 4 5 6 |  6.7
Short Blades   | 3 4 5 6 |  6.6
Armour         | 1 2 3 4 5 |  5.9
Stealth        | 1 2 3 4 5 |  5.2
Fighting       | 3 4 5 |  5.4
Spellcasting   | 1 |  1.2
Hexes          | 1 |  1.2
Throwing       | |  1.7

Action                   |  1- 3 |  4- 6 |  7- 9 || total
-------------------------+-------+-------+-------++-------
Melee: Rapier            |    93 |    80 |       ||   173
       Dagger            |       |    89 |   720 ||   809
Throw: Throwing net      |     3 |     1 |       ||     4
       Tomahawk          |       |       |     7 ||     7
Evoke: Wand              |       |       |     5 ||     5
  Use: Potion            |       |       |    11 ||    11
       Scroll            |       |       |    11 ||    11
 Stab: Held in net/web   |     1 |       |       ||     1
       Sleeping          |       |     6 |    11 ||    17
       Distracted        |       |       |     2 ||     2
  Eat: Chunk             |     9 |    21 |    29 ||    59
Armor: Leather armour    |    19 |    34 |   116 ||   169
Dodge: Dodged            |    59 |   113 |   477 ||   649
Block: Other             |       |       |    27 ||    27
